 Dungeon Sprint DCSS version 0.18.1-48-g4cf74bf (webtiles) character file.

0 kosy22 the Ruffian (level 1, 0/18 HPs)
             Began as a Naga Transmuter on Aug 19, 2016.
             Slain by a water moccasin (6 damage)
             ... in the Dungeon (Sprint VI: "Thunderdome").
             The game lasted 00:00:47 (93 turns).

kosy22 the Ruffian (Naga Transmuter)                  Turns: 93, Time: 00:00:48

Health: 0/18       AC:  1    Str: 12    XL:     1   Next: 50%
Magic:  2/3        EV: 10    Int: 13    God:
Gold:   200        SH:  0    Dex: 11    Spells: 1 memorised, 3 levels left

rFire  . . .     SeeInvis +       - Unarmed
rCold  . . .     Gourm    .     b - +0 robe
rNeg   . . .     Faith    .     (no shield)
rPois  +         Spirit   .     (no helmet)
rElec  .         Dismiss  .     (no cloak)
rCorr  .         Reflect  .     (no gloves)
SustAt .         Harm     .     (no barding)
MR     .....     NoTele   +     (no amulet)
Stlth  +.........               (no ring)
                                (no ring)

@: appendage, very slow, not resistant to hostile enchantments, very unstealthy
A: horns 2, see invisible, deformed body, poison resistance, slowness 2, slow
metabolism 1, spit poison 2, AC +0
a: Spit Poison, End Transformation


You were in the Dungeon.
You were not hungry.
You had grown temporary horns.
You visited 1 branch You collected 200 gold pieces.

Inventory:

Missiles
 a - 12 arrows
Armour
 b - a +0 robe (worn)
Wands
 l - a wand of acid (5/15)
 m - a wand of iceblast (5/15)
Scrolls
 j - 4 scrolls of blinking
 n - 3 scrolls of fog
Potions
 e - a potion of curing
 f - 4 potions of heal wounds
 g - 4 potions of haste
 h - 2 potions of magic
 i - a potion of berserk rage
 k - a potion of resistance
Books
 c - a book of Changes

   Spells                             Type                      Level
   a - Beastly Appendage              Transmutation                1
   b - Sticks to Snakes               Transmutation                2
   c - Spider Form                    Transmutation/Poison         3
   d - Ice Form                       Ice/Transmutation            4
   e - Blade Hands                    Transmutation                5
Comestibles
 d - a bread ration


   Skills:
 + Level 1.2 Fighting
 + Level 1.7 Dodging
 + Level 3.7 Unarmed Combat
 + Level 2.1 Spellcasting
 + Level 2.2 Transmutations


You had 3 spell levels left.
You knew the following spells:

 Your Spells              Type           Power        Failure   Level  Hunger
a - Beastly Appendage     Trmt           #.....       12%         1    ##.....


Dungeon Overview and Level Annotations

Branches:
Dungeon (1/1)

Altars:
Cheibriados
Dithmenos
Fedhas
Gozag
Kikubaaqudgha
Makhleb
Okawaru
Pakellas
Qazlal
Ru
Sif Muna
Trog
Vehumet
Xom
Yredelemnul
Zin
The Shining One
Jiyva
Lugonu

Shops:
D *[%??*?*:[((!!!!


Innate Abilities, Weirdness & Mutations

You cannot wear boots.
Your serpentine skin is tough (AC +0).
You have supernaturally acute eyesight.
Armour fits poorly on your strangely shaped body.
Your system is resistant to poisons.
You cover ground very slowly.
You have a slow metabolism.
You can spit poison.
You have a pair of horns on your head.


Message History

You barely miss the ball python.
The ball python is severely wounded.
The ball python completely misses you.
The water moccasin hisses angrily.
You hit the ball python.
You kill the ball python!
Casting: Beastly Appendage
Confirm with . or Enter, or press ? or * to list all spells.
You grow a pair of large bovine horns.
The water moccasin bites you.
You closely miss the ball python. The water moccasin barely misses you.
The ball python bites you. The water moccasin misses you.
You completely miss the ball python. The ball python barely misses you.
The water moccasin barely misses you.
You hit the ball python.
The ball python is severely wounded.
The water moccasin bites you. The ball python bites you.
You closely miss the ball python. You headbutt the ball python.
You kill the ball python!
The water moccasin barely misses you. The water moccasin bites you.
You die...

#∩.......∩# #........_#
#_......._# #_........#
###.........###
#⌠...........§#
##.8.........8.######
_......###.†...S___∩##
.....8.# #.8...†@...∩#
.......###.............#
....###...###..........⌠
....# #.<.# #..........§
....###...###..........⌠
.......###.............#
.....8.# #.8........∩###
_......###......__.∩##
##.8.........8.######


You could see a water moccasin.

Vanquished Creatures
  4 ball pythons (D)
4 creatures vanquished.

Notes
Turn   | Place    | Note
--------------------------------------------------------------
     0 | D        | kosy22 the Naga Transmuter began the quest for the Orb.
     0 | D        | Reached XP level 1. HP: 18/18 MP: 3/3
     4 | D        | Found a snail-covered altar of Cheibriados.
     4 | D        | Round 1.
     5 | D        | Found a glowing silver altar of Zin.
     5 | D        | Found an oddly glowing altar of Pakellas.
     6 | D        | Found an iron altar of Okawaru.
     7 | D        | Found a basalt altar of Yredelemnul.
     7 | D        | Found a shadowy altar of Dithmenos.
     7 | D        | Found Puesina's Staff Store.
     7 | D        | Found Xovvaaga's Magic Scroll Shop.
    11 | D        | Found Kojeehon's Must-Have Magic.
    11 | D        | Found Kiduzin's Magic Scroll Shop.
    12 | D        | Found a sacrificial altar of Ru.
    14 | D        | Found Vavim's Distillery.
    15 | D        | Found a blossoming altar of Fedhas.
    15 | D        | Found an ancient bone altar of Kikubaaqudgha.
    15 | D        | Found Zomuxeeg's Do-It-Yourself Clinic.
    16 | D        | Found Paifes's Distillery.
    16 | D        | Found Zuonak Omoff's Bottled Wisdom.
    23 | D        | Found a corrupted altar of Lugonu.
    26 | D        | Found Ykhlesel's Weapon Rack.
    27 | D        | Found Derchep's Basic Armour.
    27 | D        | Found Qawnio's Miscellaneous Merchandise.
    28 | D        | Found a stormy altar of Qazlal.
    28 | D        | Found a bloodstained altar of Trog.
    28 | D        | Found an opulent altar of Gozag.
    28 | D        | Found Jeces's Premium Goods.
    33 | D        | Found a radiant altar of Vehumet.
    34 | D        | Found a shimmering altar of Xom.
    45 | D        | Found a burning altar of Makhleb.
    46 | D        | Found Zeleypaiwn's Identification Station.
    48 | D        | Found Tivemot's Advanced Armour.
    48 | D        | Found Gaupo's Jewellery.
    49 | D        | Found a viscous altar of Jiyva.
    49 | D        | Found a deep blue altar of Sif Muna.
    49 | D        | Found a glowing golden altar of the Shining One.
    49 | D        | Found Pinewud's Bee Food.
    86 | D        | Noticed a water moccasin
    93 | D        | Slain by a water moccasin

Action                   || total
-------------------------++-------
Melee: Unarmed           ||    18
       Headbutt          ||     1
 Cast: Beastly Appendage ||     1
Armor: Robe              ||     4
Dodge: Dodged            ||    12
